 Dungeon Crawl Stone Soup version 0.29-a0-416-g83a48905f1 (webtiles) character file.

Game seed: 14912728462696408407

73 spaghetti the Ruffian (level 4, 0/38 HPs)
             Began as a Gnoll Wanderer on May 16, 2022.
             Slain by a gnoll
             ... wielding a +0 club
              (4 damage)
             ... on level 2 of the Dungeon.
             The game lasted 00:02:38 (2217 turns).

spaghetti the Ruffian (Gnoll Wanderer)              Turns: 2217, Time: 00:02:38

Health: 0/38       AC:  7    Str: 14    XL:     4   Next: 27%
Magic:  5/5        EV:  9    Int: 10    God:
Gold:   68         SH:  0    Dex: 12    Spells: 5/5 levels left

rFire   . . .      SeeInvis .   a - +0 club {mace}
rCold   . . .      Faith    .   (no shield)
rNeg    . . .      Spirit   .   d - +0 scale mail
rPois   .          Reflect  .   (no helmet)
rElec   .          Harm     .   (no cloak)
rCorr   .          Rampage  .   (no gloves)
Will    .....                   (no boots)
Stlth   ..........              (no amulet)
HPRegen 0.12/turn               (no ring)
MPRegen 0.09/turn               (no ring)

@: no status effects
A: fangs 1, strong nose, distributed training
a: no special abilities


You were on level 2 of the Dungeon.
You visited 1 branch of the dungeon, and saw 2 of its levels.

You collected 68 gold pieces.


Innate Abilities, Weirdness & Mutations

You have very sharp teeth.
Your uncanny sense of smell can sniff out nearby items.
Your experience applies equally to all skills.


   Skills:
 + Level 4.6 Fighting
 + Level 1.1 Short Blades
 + Level 1.1 Long Blades
 + Level 1.1 Axes
 + Level 1.1 Maces & Flails
 + Level 1.1 Polearms
 + Level 1.1 Staves
 + Level 1.1 Slings
 + Level 1.1 Bows
 + Level 1.1 Crossbows
 + Level 1.1 Throwing
 + Level 6.6 Armour
 + Level 1.1 Dodging
 + Level 1.1 Stealth
 + Level 1.1 Shields
 + Level 6.6 Unarmed Combat
 + Level 1.1 Spellcasting
 + Level 0.8 Conjurations
 + Level 0.8 Hexes
 + Level 0.8 Summonings
 + Level 0.8 Necromancy
 + Level 0.8 Translocations
 + Level 0.8 Transmutations
 + Level 0.8 Fire Magic
 + Level 0.8 Ice Magic
 + Level 0.8 Air Magic
 + Level 0.8 Earth Magic
 + Level 0.8 Poison Magic
 + Level 1.2 Invocations
 + Level 4.6 Evocations


You had 5 spell levels left.
You didn't know any spells.
Your spell library was empty.

Inventory:

Hand Weapons
 a - a +0 club (weapon) {mace}
Missiles
 g - 87 stones (quivered) {throwing}
 h - 3 poisoned darts {throwing}
 j - 3 silver javelins {throwing}
Armour
 d - a +0 scale mail (worn)
Scrolls
 e - 2 scrolls of teleportation {@r4}
 f - a scroll of summoning
 k - 2 scrolls of identify {unknown}
 m - 2 scrolls of enchant weapon {unknown}
Potions
 c - a potion of attraction {!q}

Dungeon Overview and Level Annotations

Branches:
Dungeon (2/15)

Altars:

##########
........>#
.#...###.#
#..#.###.##########
#..#...............
...#.#.###.#####.##
.......# #...# #@#
....##.###<#.# #g#
....##.....#.# #.#
....####.###.###.#
...).....# #..†..#
....######
####........ ....#
.(...##.. ....#
#(#.#.... ....#
#........#


You could see a gnoll.


Message History

A gnoll comes into view. It is wielding a +0 flail.
You throw a stone {throwing}. The gnoll shouts!
The stone {throwing} hits the gnoll.
You hear a shout!
You throw a stone {throwing}.
The stone {throwing} barely misses the gnoll.
You throw a stone {throwing}.
The stone {throwing} barely misses the gnoll.
You completely miss the gnoll. You bite the gnoll.
A gnoll comes into view. It is wielding a +0 club.
The gnoll hits you with a +0 club.
You are too injured to fight recklessly!
You are too injured to fight recklessly!
You are too injured to fight recklessly!
You are too injured to fight recklessly! 😕 HP[-5]
You take 5 damage, and now have 26/31 hp.
You are too injured to fight recklessly!
You are too injured to fight recklessly!
You are too injured to fight recklessly!
You are too injured to fight recklessly!
You are too injured to fight recklessly!
You are too injured to fight recklessly!
You are too injured to fight recklessly!
You are too injured to fight recklessly!
You are too injured to fight recklessly!
You are too injured to fight recklessly!
You are too injured to fight recklessly!
You are too injured to fight recklessly!
You are too injured to fight recklessly!
You are too injured to fight recklessly!
You are too injured to fight recklessly!
You are too injured to fight recklessly!
You are too injured to fight recklessly!
You are too injured to fight recklessly!
Unknown command.
The gnoll attacks as you move away!
The gnoll hits you with a +0 club. 😕 HP[-2]
You take 2 damage, and now have 24/31 hp. 😕 HP[+1]
The gnoll attacks as you move away!
The gnoll hits you with a +0 club. 😕 HP[-1]
You take 1 damage, and now have 24/31 hp.
You hit the gnoll. The gnoll hits you but does no damage.
You hit the gnoll.
The gnoll hits you with a +0 club. x2 😮 HP[-2]
You take 2 damage, and now have 22/31 hp.
You hit the gnoll but do no damage. The gnoll misses you.
You hit the gnoll. The gnoll barely misses you.
You hit the gnoll. Your punch misses the gnoll. Your bite misses the gnoll.
The gnoll closely misses you.
You closely miss the gnoll. You punch the gnoll.
You kill the gnoll!
The gnoll barely misses you.
You have reached level 4!
You feel clever. 😮 HP[+6] MP[+1]
You now have 38 max hp (+7).
You regained 6 hp, and now have 28/38 hp.
Your mp is fully restored (5).
You barely miss the gnoll.
The gnoll hits you with a +0 flail. 😮 HP[-6]
You take 6 damage, and now have 22/38 hp.
You hit the gnoll. The gnoll closely misses you.
You hit the gnoll. The gnoll hits you with a +0 flail.
* * * LOW HITPOINT WARNING * * *
😨 HP[-3]
You take 3 damage, and now have 19/38 hp.
You hit the gnoll.
You kill the gnoll!
The gnoll hits you with a +0 club.
* * * LOW HITPOINT WARNING * * *
😨 HP[-5]
You take 5 damage, and now have 14/38 hp.
You hit the gnoll. You bite the gnoll, but do no damage.
The gnoll hits you with a +0 club.
* * * LOW HITPOINT WARNING * * *
😨 HP[-1]
You take 1 damage, and now have 13/38 hp.
You completely miss the gnoll. The gnoll closely misses you. 😨 HP[+1]
You closely miss the gnoll. The gnoll hits you but does no damage.
You closely miss the gnoll. The gnoll barely misses you. x2
You hit the gnoll. The gnoll hits you with a +0 club.
* * * LOW HITPOINT WARNING * * *
😱 HP[-5]
You take 5 damage, and now have 9/38 hp.
You hit the gnoll but do no damage. You punch the gnoll.
Your bite misses the gnoll. The gnoll hits you with a +0 club.
* * * LOW HITPOINT WARNING * * *
😱 HP[-4]
You take 4 damage, and now have 5/38 hp.
You closely miss the gnoll. The gnoll hits you with a +0 club.
* * * LOW HITPOINT WARNING * * *
😱 HP[-1]
You take 1 damage, and now have 4/38 hp.
You hit the gnoll. Your punch misses the gnoll.
You bite the gnoll, but do no damage. The gnoll hits you with a +0 club.
You die...

Skill      XL: |  1  2  3 |
---------------+----------+-----
Invocations    | 1 |  1.2
Short Blades   | 1 |  1.1
Long Blades    | 1 |  1.1
Axes           | 1 |  1.1
Maces & Flails | 1 |  1.1
Polearms       | 1 |  1.1
Staves         | 1 |  1.1
Slings         | 1 |  1.1
Bows           | 1 |  1.1
Crossbows      | 1 |  1.1
Throwing       | 1 |  1.1
Dodging        | 1 |  1.1
Stealth        | 1 |  1.1
Shields        | 1 |  1.1
Spellcasting   | 1 |  1.1
Fighting       | |  4.6
Armour         | |  6.6
Unarmed Combat | |  6.6
Conjurations   | |  0.8
Hexes          | |  0.8
Summonings     | |  0.8
Necromancy     | |  0.8
Translocations | |  0.8
Transmutations | |  0.8
Fire Magic     | |  0.8
Ice Magic      | |  0.8
Air Magic      | |  0.8
Earth Magic    | |  0.8
Poison Magic   | |  0.8
Evocations     | |  4.6

Action                   |  1- 3 |  4- 6 || total
-------------------------+-------+-------++-------
Melee: Club              |   152 |    12 ||   164
       Bite              |    13 |     2 ||    15
       Punch             |     6 |     1 ||     7
Throw: Stone             |    30 |       ||    30
  Use: Potion            |     3 |       ||     3
Armor: Scale mail        |    95 |     1 ||    96
Dodge: Dodged            |    84 |     4 ||    88

Levels and vault maps discovered:
D:1:      psy_arrival_heroes, layout_basic
D:2:      minmay_wonky_spiral, layout_loops_ring, hangedman_decor_lopped,
          minmay_misc_feat_secret_circle, hangedman_decor_opposing,
          nicolae_grassy_gnolls

Notes
Turn   | Place    | Note
-------+----------+-------------------------------------------
     0 | D:1      | spaghetti the Gnoll Wanderer began the quest for the Orb.
     0 | D:1      | spaghetti set off with the following items: a +0 club
                  | {mace}, a potion of berserk rage {!q}, a potion of
                  | attraction {!q}, a +0 scale mail, a scroll of teleportation
                  | {@r4}, a scroll of summoning
     0 | D:1      | Reached XP level 1. HP: 20/20 MP: 1/1
     0 | D:1      | magus.rc [v1.9.6]
   314 | D:1      | Reached XP level 2. HP: 14/26 MP: 2/2
   966 | D:1      | Reached XP level 3. HP: 31/31 MP: 3/3
  1386 | D:2      | HP: 4/31 [kobold/+0 short sword (5)]
  1392 | D:2      | HP: 4/31 [adder (1)]
  1397 | D:2      | Reached skill level 1 in Invocations
  1399 | D:2      | HP: 2/31 [frilled lizard (3)]
  2035 | D:2      | Reached skill level 1 in Short Blades
  2035 | D:2      | Reached skill level 1 in Long Blades
  2035 | D:2      | Reached skill level 1 in Axes
  2035 | D:2      | Reached skill level 1 in Maces & Flails
  2035 | D:2      | Reached skill level 1 in Polearms
  2035 | D:2      | Reached skill level 1 in Staves
  2035 | D:2      | Reached skill level 1 in Slings
  2035 | D:2      | Reached skill level 1 in Bows
  2035 | D:2      | Reached skill level 1 in Crossbows
  2035 | D:2      | Reached skill level 1 in Throwing
  2035 | D:2      | Reached skill level 1 in Dodging
  2035 | D:2      | Reached skill level 1 in Stealth
  2035 | D:2      | Reached skill level 1 in Shields
  2035 | D:2      | Reached skill level 1 in Spellcasting
  2206 | D:2      | Reached XP level 4. HP: 28/38 MP: 5/5
  2214 | D:2      | HP: 9/38 [gnoll/+0 club (5)]
  2216 | D:2      | HP: 4/38 [gnoll/+0 club (1)]
  2217 | D:2      | Slain by a gnoll

Vanquished Creatures
  3 gnolls
  An adder (D:2)
  2 dart slugs
  A bat (D:2)
  A giant cockroach (D:1)
  2 goblins
  A hobgoblin (D:2)
  4 jackals (D:2)
  A quokka (D:1)
  3 ball pythons
  2 frilled lizards
  7 kobolds
  4 rats
32 creatures vanquished.

Vanquished Creatures (others)
  27 plants (D:2)
27 creatures vanquished.

Grand Total: 59 creatures vanquished

Table legend:
 A = Non-vault XP
 B = Vault XP
 C = Vault XP percentage of total XP
 D = Non-vault monster count
 E = Vault monster count
 F = Vault count percentage of total count
                 A         B        C        D         E       F
            +---------+---------+-------+---------+---------+-------
      Total |      77 |      28 |  26.7 |      30 |       2 |   6.2
            +---------+---------+-------+---------+---------+-------
        D:1 |      38 |       0 |   0.0 |      15 |       0 |   0.0
        D:2 |      39 |      28 |  41.8 |      15 |       2 |  11.8
            +---------+---------+-------+---------+---------+-------

Illustrated notes

Table legend:
 A = Kills in this place as a percentage of kills in entire the game.
 B = Kills by you in this place as a percentage of kills by you in the entire game.
 C = Kills by friends in this place as a percentage of kills by friends in the entire game.
 D = Other kills in this place as a percentage of other kills in the entire game.
 E = Experience gained in this place as a percentage of experience gained in the entire game.
 F = Experience gained in this place divided by the number of levels of this place that you have seen.
                   A       B       C       D       E      F
               +-------+-------+-------+-------+-------+----------------------
         Total | 100.0 | 100.0 |   N/A |   N/A | 100.0 |  52.5
       Dungeon | 100.0 | 100.0 |   N/A |   N/A | 100.0 |  52.5
               +-------+-------+-------+-------+-------+----------------------

Table legend: (Time is in decaauts)
 A = Elapsed time spent in this place.
 B = Non-inter-level travel time spent in this place.
 C = Inter-level travel time spent in this place.
 D = Time resting spent in this place.
 E = Time spent auto-exploring this place.
 F = Levels seen in this place.
 G = Mean time per level.
                   A        B        C        D        E       F      G
               +--------+--------+--------+--------+--------+-----+--------+
         Total |   2271 |   2256 |     15 |    562 |   1378 |   2 | 1135.5 |
       Dungeon |   2271 |   2256 |     15 |    562 |   1378 |   2 | 1135.5 |
               +--------+--------+--------+--------+--------+-----+--------+

Top non-repeatable levels by time:
     D:1: 1340 daAuts
     D:2: 930 daAuts
